 Dungeon Crawl Stone Soup version 0.29-a0-219-g0a02b1cf4f (webtiles) character file.

Game seed: 314615580689201170

184 siradein the Digger (level 5, -1/38 HPs)
             Began as a Ghoul Earth Elementalist on Feb 25, 2022.
             Slain by an orc
             ... wielding a +0 hand axe
              (7 damage)
             ... on level 3 of the Dungeon.
             The game lasted 00:10:27 (2892 turns).

siradein the Digger (Ghoul Earth Elementalist)      Turns: 2892, Time: 00:10:27

Health: -1/38      AC:  2    Str: 12    XL:     5   Next: 64%
Magic:  6/6        EV: 12    Int: 12    God:
Gold:   114        SH:  0    Dex:  9    Spells: 3/7 levels left

rFire   . . .      SeeInvis .   m - +0 spear (venom)
rCold   + . .      Faith    .   (no shield)
rNeg    + + +      Spirit   .   b - +0 robe
rPois   ∞          Reflect  .   (no helmet)
rElec   .          Harm     .   (no cloak)
rCorr   .          Rampage  .   (no gloves)
Will    .....                   (no boots)
Stlth   ++........              l - amulet of magic regeneration
HPRegen 0.00/turn               (no ring)
MPRegen 0.50/turn               (no ring)

@: inhibited regen
A: claws 1, cold resistance 1, negative energy resistance 3, inhibited
regeneration, torment resistance 2
a: no special abilities


You were on level 3 of the Dungeon.
You visited 1 branch of the dungeon, and saw 3 of its levels.

You collected 114 gold pieces.

Inventory:

Hand Weapons
 m - a +0 spear of venom (weapon)
 o - the +8 whip "Wavvail" {chaos, rPois Will+ Dex+4 Stlth-}
   (You found it on level 2 of the Dungeon)

   Each time it hits an enemy it has a different, random effect.
   Dex:       It affects your dexterity (+4).
   rPois:     It protects you from poison.
   Will:      It increases your willpower.
   Stlth:     It makes you less stealthy.
 p - a +2 vorpal trident
Missiles
 a - 24 stones
Armour
 b - a +0 robe (worn)
 j - an orb of energy
Magical Staves
 f - a staff of conjuration
Jewellery
 l - an amulet of magic regeneration (around neck)
Scrolls
 d - a scroll of fear {unknown}
 g - a scroll of teleportation {unknown}
 h - a scroll of fog {unknown}
 i - a scroll of vulnerability {unknown}
 n - a scroll of immolation {unknown}
 q - a scroll of identify {unknown}
Potions
 c - a potion of attraction {unknown}
 e - 2 potions of resistance {unknown}
 k - a potion of curing {unknown}
 r - a potion of degeneration {unknown}


   Skills:
 - Level 1.7 Dodging
 - Level 2.1 Stealth
 - Level 1.7 Spellcasting
 + Level 2.3 Conjurations
 - Level 0.8 Transmutations
 + Level 5.7 Earth Magic


You had 3 spell levels left.
You knew the following spells:

 Your Spells              Type           Power      Damage    Failure   Level
a - Sandblast             Erth           28%        2d8       2%          1
b - Stone Arrow           Conj/Erth      20%        3d8       16%         3

Your spell library contained the following spells:

 Spells                   Type           Power      Damage    Failure   Level
 Passwall                 Tmut/Erth      7%         N/A       11%         2
 Petrify                  Tmut/Erth      9%         N/A       56%         4


Dungeon Overview and Level Annotations

Branches:
Dungeon (3/15)

Altars:
Fedhas

Annotations:
D:2 Sigmund
D:3 2 runed translucent doors


Innate Abilities, Weirdness & Mutations

You thrive by killing the living.
You are immune to poison.
You have sharp fingernails.
Your flesh is cold resistant. (rC+)
You are immune to negative energy. (rN+++)
You do not regenerate when monsters are visible.
You are immune to unholy pain and torment.


Message History

An orc comes into view. It is wielding a +0 hand axe.
The orc hits you with a +0 falchion.
The orc shouts!
You hit the orc but do no damage.
The orc looks as sick as possible!
The orc is heavily wounded.
You kill the orc!
The orc wizard casts a spell at you. The magic dart hits you.
The orc priest calls down the wrath of Beogh upon you.
Beogh smites you!
The orc priest looks braver for a moment.
The orc priest looks braver for a moment.
You hit the orc wizard.
The orc wizard is poisoned.
The orc wizard is moderately wounded.
The orc wizard points at you and mumbles some strange words.
You resist with some effort.
You hit the orc wizard.
The orc wizard looks as sick as possible!
The orc wizard is moderately wounded.
The orc priest looks encouraged for a moment.
You closely miss the orc wizard.
The orc wizard is severely wounded.
The orc wizard hits you with a +0 dagger.
You barely miss the orc. The orc barely misses you.
The orc wizard hits you with a +0 dagger.
* * * LOW HITPOINT WARNING * * *
You miss the orc wizard.
The orc wizard is almost dead.
You kill the orc wizard!
The orc barely misses you.
You closely miss the orc. The orc hits you but does no damage.
The orc barely misses you. The orc hits you with a +0 hand axe.
* * * LOW HITPOINT WARNING * * *
The orc barely misses you.
You hit the orc.
The orc is severely wounded.
The orc hits you with a +0 hand axe.
* * * LOW HITPOINT WARNING * * *
The orc hits you with a +0 hand axe!
You die...

...>..............##.♣≈≈≈≈P♣♣..
..<........##..##...≈≈P≈≈≈≈♣♣♣P
.....o..#...........♣♣≈≈♣≈≈≈≈♣♣
....o.....#..###..#♣≈≈≈≈≈≈PP≈♣♣
.......)..##.....##≈≈≈♣≈≈≈♣P≈≈♣
<....#.#......)...#≈≈≈≈♣≈P≈≈♣≈≈
###...###.####.o...♣♣≈≈P≈≈≈≈≈♣≈
≈≈... #.# #oo..♣♣P≈P≈≈≈≈≈PP≈
≈..♣. #.# #@...♣♣≈PP≈≈≈≈≈≈≈≈ ..
..# #....≈≈≈≈≈≈≈≈≈≈≈♣P ..
#....≈P≈≈≈≈≈≈≈≈≈≈P ..#
#....♣♣≈≈≈≈≈≈≈≈≈≈P ≈#
#....♣≈≈≈≈≈≈≈≈≈≈≈≈
#....≈♣P≈≈≈≈≈≈≈≈≈≈
####.♣≈♣≈≈≈≈≈≈≈≈≈≈
#.≈≈≈≈≈≈≈≈≈≈≈P≈ ###≈♣≈≈≈≈≈≈≈≈≈≈


You could see an orc priest and 2 orcs.

Vanquished Creatures
  A scorpion zombie (D:3)
  An orc wizard (D:3)
  A hound skeleton (D:3)
  4 gnolls (D:2)
  An adder (D:3)
  An adder zombie (D:3)
  2 worms (D:2)
  3 orcs (D:3)
  4 bats
  6 endoplasms
  4 giant cockroaches
  6 goblins
  7 hobgoblins
  3 quokkas
  8 ball pythons
  A ball python zombie (D:3)
  A frilled lizard (D:1)
  5 kobolds
  2 rats
61 creatures vanquished.

Vanquished Creatures (others)
  A goblin (D:3)
  6 plants (D:3)
7 creatures vanquished.

Grand Total: 68 creatures vanquished

Notes
Turn   | Place    | Note
-------+----------+-------------------------------------------
     0 | D:1      | siradein the Ghoul Earth Elementalist began the quest for
                  | the Orb.
     0 | D:1      | Reached XP level 1. HP: 14/14 MP: 2/2
    45 | D:1      | Found a faded altar of an unknown god.
   214 | D:1      | Reached XP level 2. HP: 20/20 MP: 3/3
   248 | D:1      | Reached skill level 4 in Earth Magic
  1023 | D:1      | Reached XP level 3. HP: 13/26 MP: 0/4
  1027 | D:1      | Learned a level 3 spell: Stone Arrow
  1514 | D:2      | Reached skill level 1 in Conjurations
  1514 | D:2      | Reached XP level 4. HP: 22/33 MP: 2/5
  1606 | D:2      | Reached skill level 5 in Earth Magic
  1654 | D:2      | Identified the +8 whip "Wavvail" {chaos, rPois Will+ Dex+4
                  | Stlth-}
  2062 | D:2      | Noticed Sigmund
  2158 | D:3      | Reached XP level 5. HP: 25/38 MP: 6/6
  2649 | D:3      | Found a blossoming altar of Fedhas.
  2677 | D:3      | Found a large runed translucent door.
  2705 | D:3      | Found a large runed translucent door.
  2892 | D:3      | Slain by an orc

Illustrated notes

Levels and vault maps discovered:
D:1:      psy_arrival_whirlpool, layout_loops_ring,
          chequers_ecumenical_altar_simple_redux, grunt_decor_one_mirror
D:2:      layout_loops_cross, pf_guarded_unrand_woodcutter, uniq_sigmund
D:3:      layout_rooms, elyvilon_altar_4, fedhas_altar_1, jmf_multi_god_temple2,
          serial_undead, serial_undead_d, serial_undead_b, serial_undead_b,
          serial_undead_b, roderic_lattice_a, minivault_23, serial_bayou_lake_a

Skill      XL: |  1  2  3  4  5 |
---------------+----------------+-----
Earth Magic    | 4 5 |  5.7
Conjurations   | 1 2 |  2.3
Dodging        | |  1.7
Stealth        | |  2.1
Spellcasting   | |  1.7
Transmutations | |  0.8

Action                   |  1- 3 |  4- 6 || total
-------------------------+-------+-------++-------
Melee: Whip              |    13 |     6 ||    19
       Staff             |    72 |       ||    72
       Spear             |       |   117 ||   117
       Punch             |       |     1 ||     1
 Cast: Sandblast         |    28 |     4 ||    32
 Stab: Sleeping          |     3 |     3 ||     6
Armor: Robe              |    26 |    15 ||    41
Dodge: Dodged            |    86 |    72 ||   158

Table legend: (Time is in decaauts)
 A = Elapsed time spent in this place.
 B = Non-inter-level travel time spent in this place.
 C = Inter-level travel time spent in this place.
 D = Time resting spent in this place.
 E = Time spent auto-exploring this place.
 F = Levels seen in this place.
 G = Mean time per level.
                   A        B        C        D        E       F      G
               +--------+--------+--------+--------+--------+-----+--------+
         Total |   2936 |   2917 |     19 |      0 |   2310 |   3 |  978.7 |
       Dungeon |   2936 |   2917 |     19 |      0 |   2310 |   3 |  978.7 |
               +--------+--------+--------+--------+--------+-----+--------+

Top non-repeatable levels by time:
     D:1: 1300 daAuts
     D:3: 839 daAuts
     D:2: 797 daAuts
